 Dungeon Crawl Stone Soup version 0.31-a0-931-g7b59d4eb97 (webtiles) character file.

Game seed: 6144777609277755752

13 miscthings the Charlatan (level 2, 0/23 HPs)
             Began as a Gnoll Artificer on Oct 20, 2023.
             Constricted to death by a ball python (1 damage)
             ... on level 1 of the Dungeon.
             The game lasted 00:00:26 (78 turns).

miscthings the Charlatan (Gnoll Artificer)            Turns: 78, Time: 00:00:26

Health: 0/23       AC:  3    Str: 11    XL:     2   Next: 37%
Magic:  2/2        EV:  9    Int: 10    God:
Gold:   5          SH:  0    Dex: 12    Spells: 1/1 levels left

rFire   . . .        a - +0 club
rCold   . . .        (no shield)
rNeg    . . .        b - +0 leather armour
rPois   .            (no helmet)
rElec   .            (no cloak)
rCorr   .            (no gloves)
SInv    .            (no boots)
Will    .....        (no amulet)
Stlth   ++           (no ring)
HPRegen 0.23/turn    (no ring)
MPRegen 0.08/turn

%: no passive effects
@: constricted
A: fangs 1, strong nose, distributed training
a: no special abilities


You were on level 1 of the Dungeon.
You visited 1 branch of the dungeon, and saw 1 of its levels.

You collected 5 gold pieces.

Inventory:

Hand Weapons
 a - a +0 club (weapon)
Armour
 b - a +0 leather armour (worn)
Wands
 c - a wand of flame (14) (quivered)
 d - a wand of charming (14)
 e - a wand of iceblast (5)
Scrolls
 f - a scroll of butterflies {unknown}
 g - a scroll of brand weapon {unknown}


   Skills:
 + Level 2.5 Fighting
 + Level 0.4 Short Blades
 + Level 0.4 Long Blades
 + Level 0.4 Axes
 + Level 0.4 Maces & Flails
 + Level 0.4 Polearms
 + Level 0.4 Staves
 + Level 0.4 Ranged Weapons
 + Level 0.4 Throwing
 + Level 4.5 Armour
 + Level 2.5 Dodging
 + Level 2.2 Stealth
 + Level 0.4 Shields
 + Level 0.4 Unarmed Combat
 + Level 0.4 Spellcasting
 + Level 0.2 Conjurations
 + Level 0.2 Hexes
 + Level 0.2 Summonings
 + Level 0.2 Necromancy
 + Level 0.2 Translocations
 + Level 0.2 Transmutations
 + Level 0.2 Fire Magic
 + Level 0.2 Ice Magic
 + Level 0.2 Air Magic
 + Level 0.2 Earth Magic
 + Level 0.2 Poison Magic
 + Level 0.5 Invocations
 + Level 6.5 Evocations
 + Level 0.3 Shapeshifting


You had one spell level left.
You didn't know any spells.
Your spell library was empty.

Dungeon Overview and Level Annotations

Branches:
Dungeon (1/15)

Altars:


Innate Abilities, Weirdness & Mutations

You have very sharp teeth.
Your uncanny sense of smell can sniff out nearby items.
Your experience applies equally to all skills.


Message History

The gnoll hits you with a +0 whip.
Your goblin barely misses the gnoll.
You barely miss the gnoll.
The gnoll is moderately wounded.
An endoplasm comes into view.
The gnoll closely misses you.
Your goblin hits the gnoll with a +0 dagger.
You hit the gnoll.
The gnoll is almost dead.
The gnoll barely misses you.
Your goblin hits the gnoll with a +0 dagger.
The ball python barely misses your goblin.
The ball python grabs your goblin. The ball python constricts your goblin.
The gnoll barely misses you.
Your goblin closely misses the ball python.
You barely miss the gnoll.
The gnoll is almost dead.
The ball python bites your goblin. The ball python constricts your goblin.
The gnoll hits you with a +0 whip.
Your goblin barely misses the ball python.
You hit the gnoll but do no damage.
The gnoll is almost dead.
The ball python bites your goblin. The ball python constricts your goblin.
Your goblin dies!
The gnoll hits you with a +0 whip.
* * * LOW HITPOINT WARNING * * *
You hit the gnoll.
You kill the gnoll!
You have reached level 2!
Aiming: Throw Flame
Press: ? - help, Shift-Dir - straight line, f - endoplasm
Aim: an endoplasm (98% to hit)
The puff of flame hits the endoplasm!
You kill the endoplasm!
The ball python closely misses you. The ball python grabs you.
The ball python constricts you.
* * * LOW HITPOINT WARNING * * *
The ball python bites you.
* * * LOW HITPOINT WARNING * * *
The ball python constricts you.
You die...

... #..........
#.####..........
##...?#.... .....
#......... ......
:........##......
.................
#...........)....S.#
#..........S)#.....#
#..........@## .g..#
#...........# ...S# .
#.#........###......
..
#..................#
...##...†......####.#
. ...............#
...##..........#
#..........#
#..........#


You could see a ball python.

Vanquished Creatures
  A gnoll (D:1)
  An endoplasm (D:1)
  A goblin (D:1)
  A bat (D:1)
  A frilled lizard (D:1)
  A rat (D:1)
6 creatures vanquished.

Vanquished Creatures (others)
  A goblin (D:1)
1 creature vanquished.

Grand Total: 7 creatures vanquished

Notes
Turn   | Place    | Note
-------+----------+-------------------------------------------
     0 | D:1      | miscthings the Gnoll Artificer began the quest for the Orb.
     0 | D:1      | Reached XP level 1. HP: 17/17 MP: 1/1
    78 | D:1      | Reached XP level 2. HP: 3/23 MP: 2/2
    78 | D:1      | HP: 1/23 [ball python (1)]
    78 | D:1      | Constricted to death by a ball python

Illustrated notes

Levels and vault maps discovered:
D:1:      wheals_arrival_shading, layout_rooms, grunt_decor_junction

Action                     || total
---------------------------++-------
  Melee: Club              ||    20
         Bite              ||     1
  Evoke: Wand              ||     2
 Armour: Leather armour    ||    12
  Dodge: Dodged            ||    25

Table legend: (Time is in decaauts)
 A = Elapsed time spent in this place.
 B = Non-inter-level travel time spent in this place.
 C = Inter-level travel time spent in this place.
 D = Time resting spent in this place.
 E = Time spent auto-exploring this place.
 F = Levels seen in this place.
 G = Mean time per level.
                   A        B        C        D        E       F      G
               +--------+--------+--------+--------+--------+-----+--------+
         Total |     84 |     84 |      0 |      0 |     31 |   1 |   84.0 |
       Dungeon |     84 |     84 |      0 |      0 |     31 |   1 |   84.0 |
               +--------+--------+--------+--------+--------+-----+--------+

Top non-repeatable levels by time:
     D:1: 84 daAuts
